 Dungeon Crawl Stone Soup version 0.19-a0-414-g76fec5b (console) character file.

16662 Lasty the Nimble (level 12, -10/79 (80) HPs)
             Began as an Octopode Wanderer on May 31, 2016.
             Was an Elder of Hepliaklqana.
             Mangled by a komodo dragon (32 damage)
             ... on level 2 of the Lair of Beasts on June 1, 2016.
             The game lasted 00:54:50 (16685 turns).

Lasty the Nimble (Octopode Wanderer)               Turns: 16685, Time: 00:54:51

HP:   -10/79 (80)   AC: 11    Str: 10    XL:     12   Next: 39%
MP:   33/33         EV: 17    Int: 23    God:    Hepliaklqana [****..]
Gold: 253           SH:  6    Dex: 12    Spells: 9 memorised, 1 level left

rFire  x . .     SeeInvis +     b - +3 whip (elec)
rCold  + + .     Gourm    .     J - +1 buckler
rNeg   . . .     Faith    .     F - +0 hat {SInv}
rPois  +         Spirit   .     (no amulet)
rElec  .         Dismiss  .     l - ring of protection from magic
rCorr  .         Reflect  .     m - ring of protection from magic
SustAt .         Harm     .     r - ring of poison resistance
MR     ++...                    y - +4 ring of protection
Stlth  ++++......               H - +3 ring of slaying
                                E - ring of Sudgh {+Fly rC+ MP+9 Int+5 Stlth+}
                                Q - ring of ice
                                c - ring of wizardry

@: repel missiles, very resistant to hostile enchantments, stealthy
A: almost no armour, amphibious, 8 rings, constrict 8, tentacle spike 1,
iridescent scales 1, thin metallic scales 1, camouflage 1, mutation resistance
1, weak 1, gelatinous body 1
a: Recall Ancestor, Ancestor Identity, Transference, Idealise, Renounce
Religion, Evoke Flight


You were on level 2 of the Lair of Beasts.
You worshipped Hepliaklqana.
Hepliaklqana was greatly pleased with you.
You were near starving.

You visited 3 branches of the dungeon, and saw 14 of its levels.
You also visited: Ice Cave.

You collected 746 gold pieces.
You spent 493 gold pieces at shops.


Innate Abilities, Weirdness & Mutations

You cannot wear most types of armour.
You are amphibious.
You can wear up to eight rings at the same time.
You can use your tentacles to constrict eight enemies at once.
Your skin changes colour to match your surroundings (Stealth+).
Your rubbery body absorbs attacks. (AC +1)
One of your tentacles bears a spike.
You are partially covered in iridescent scales. (AC +4)
You are partially covered in thin metallic scales. (AC +2)
You are somewhat resistant to further mutation.
You are weak. (Str -2)


   Skills:
 + Level 6.8 Fighting
 + Level 2.9 Maces & Flails
 - Level 4.0 Crossbows
 - Level 1.0 Throwing
 + Level 10.2 Dodging
 - Level 4.2 Shields
 - Level 8.0 Spellcasting
 - Level 5.0 Conjurations
 - Level 5.0 Charms
 - Level 5.0 Summonings
   Level 1.0 Necromancy
 - Level 8.3 Ice Magic
 - Level 1.1 Evocations


You had one spell level left.
You knew the following spells:

 Your Spells              Type           Power        Failure   Level  Hunger
a - Freeze                Ice            ####         1%          1    None
d - Throw Frost           Conj/Ice       ######       1%          2    None
e - Throw Icicle          Conj/Ice       ######..     2%          4    ###....
g - Swiftness             Chrm/Air       ###.....     1%          2    None
q - Confuse               Hex            #.......     9%          3    None
s - Summon Ice Beast      Ice/Summ       ######..     2%          4    ###....
x - Repel Missiles        Chrm/Air       ###...       1%          2    None
z - Ozocubu's Armour      Chrm/Ice       ######..     1%          3    None
A - Metabolic Englaciati  Hex/Ice        #####.....   16%         5    #####..

Inventory:

Hand Weapons
 a - a +0 hand crossbow
 b - a +3 whip of electrocution (weapon)
   (You bought it in a shop on level 5 of the Dungeon)
 s - a +1 dire flail of venom
   (You found it on level 5 of the Dungeon)
Missiles
 d - 68 bolts
 h - a throwing net (quivered)
Armour
 F - a +0 hat of see invisible (worn)
   (You took it off Gastronok on level 1 of the Lair of Beasts)
 J - a +1 buckler (worn)
Jewellery
 c - a ring of wizardry (on tentacle)
 l - a ring of protection from magic (left tentacle)
 m - a ring of protection from magic (right tentacle)
 r - a ring of poison resistance (on tentacle)
 y - a +4 ring of protection (on tentacle)
 E - the ring of Sudgh (on tentacle) {+Fly rC+ MP+9 Int+5 Stlth+}
   (You found it in an ice cave)

   [ring of flight]

   It affects your intelligence (+5).
   It protects you from cold.
   It affects your magic capacity (+9).
   It lets you fly.
   It makes you more stealthy.
 H - a +3 ring of slaying (on tentacle)
 N - an uncursed ring of wizardry
 Q - a ring of ice (on tentacle)
Wands
 j - a wand of lightning (6/15)
 w - a wand of disintegration (16/24)
Scrolls
 g - 10 scrolls of teleportation {!r}
 t - a scroll of recharging
 u - 3 scrolls of fog
 x - a scroll of fear {!r}
 z - 5 scrolls of remove curse
 C - 2 scrolls of enchant weapon
 L - a scroll of blinking
Potions
 e - 2 potions of might {!q}
 i - a potion of cancellation {unknown}
 k - 2 potions of magic {!q}
 n - a potion of cure mutation {!q}
 o - a potion of heal wounds {!q}
 q - 7 potions of curing
 v - a potion of haste {!q}
 A - 2 potions of lignification {!q}
 B - a potion of experience {unknown}
 G - 4 potions of brilliance {!q}
 I - a potion of berserk rage {unknown}
 M - 3 potions of flight
 O - a potion of ambrosia
 P - a potion of agility {!q}
 S - a potion of resistance {unknown}
Miscellaneous
 K - a lamp of fire
Comestibles
 f - 7 bread rations {!e}
 p - 4 meat rations {!e}
 D - 6 fruits


Message History

You strike the helpless black mamba from a blind spot!
You hit the black mamba.
There is a sudden explosion of sparks!
You kill the black mamba!
Existential doubt hits the plant with a quarterstaff!
Existential doubt hits the plant with a quarterstaff.
The wyvern is too close now for your liking.
Found a lamp of fire.
The helpless wyvern fails to defend itself.
You hit the wyvern but do no damage.
There is a sudden explosion of sparks!
You squeeze the wyvern.
The wyvern is severely wounded.
The wyvern misses you. The wyvern closely misses you.
You hit the wyvern.
There is a sudden explosion of sparks!
You kill the wyvern!
No target in view!
Magic restored.
Found 11 stones.
K - a lamp of fire You now have 216 gold pieces (gained 23).
R - a scroll of identify Identify which item? (\ to view known items) (? for menu, Esc to quit)
As you read the scroll of identify, it crumbles to dust.
O - a potion of ambrosia
p - 4 meat rations {!e} (gained 1)
Found an escape hatch in the floor.
You now have 234 gold pieces (gained 18).
You are near starving!
You now have 253 gold pieces (gained 19).
A komodo dragon comes into view.
The komodo dragon bites you!
You take 8 damage.
You whack the komodo dragon!
The komodo dragon is moderately wounded.
The komodo dragon closely misses you.
You closely miss the komodo dragon.
You pierce the komodo dragon.
The komodo dragon is moderately wounded.
The komodo dragon bites you!!
* * * LOW HITPOINT WARNING * * *
Existential doubt hits the plant with a quarterstaff.
You take 33 damage.
You completely miss the komodo dragon.
The komodo dragon is moderately wounded.
The komodo dragon bites you!
* * * LOW HITPOINT WARNING * * *
Existential doubt hits the plant with a quarterstaff.
You take 17 damage.
You hit the komodo dragon.
The komodo dragon is moderately wounded.
The komodo dragon bites you!!
You die...

.................#####P##........
...................# ####...##...
#....##.....##.....###..#...##...
..######....##.............R#####
.## ####.#................# # ##
#.##.≈≈.P...P≈P≈.### # #
#.##.≈P≈≈≈.P≈PP≈..#
##.##.lPP≈≈P≈P≈≈P###
#.....≈@RP≈P≈≈≈P÷≈#
##....≈≈≈PP≈≈P≈≈≈##
##....≈P≈≈≈≈≈≈P≈≈♣ #####
#P.#.♣P≈≈≈≈≈≈≈≈P≈♣ #.P.##
###..#.♣≈≈≈≈≈≈≈≈≈≈≈♣
.....###......♣≈≈≈≈≈≈≈≈P≈♣♣
#....#...#..#.♣♣≈≈≈≈≈≈≈≈≈♣
##......###...♣♣≈≈≈≈≈≈≈≈♣♣
##.#..## #...♣♣♣♣≈≈≈≈P≈♣


You could see a komodo dragon and the friendly Existential doubt the battlemage.

Vanquished Creatures
  The ghost of mathmaestro the Basher, a novice MiGl of Ru (Lair:1)
  2 hill giants (D:11)
  2 ugly things
  Maurice (D:8)
  A cyclops (D:11)
  A black mamba (Lair:2)
  A gargoyle (D:10)
  3 spiny frogs
  A komodo dragon (Lair:2)
  A blink frog (Lair:1)
  A boulder beetle (D:10)
  9 yaks
  A wyvern (Lair:2)
  A human (D:10)
  A steam dragon (D:7)
  Menkaure (D:4)
  3 hippogriffs
  Edmund (D:5)
  A water moccasin (Lair:2)
  3 porcupines
  5 ice beasts (IceCv)
  3 orc warriors
  A sky beast (D:8)
  A wasp (D:11)
  A phantom (D:9)
  2 black bears
  2 necrophages
  7 ogres
  3 centaurs
  2 crocodiles
  8 big kobolds
  3 giant frogs
  A scorpion (D:9)
  7 killer bees
  A wight (D:10)
  An electric eel (D:8)
  4 jellies (D:10)
  A howler monkey (D:5)
  2 crimson imps
  A giant frog zombie (D:10)
  A quasit (D:10)
  3 centaur zombies
  7 hounds
  3 centaur skeletons
  A giant frog skeleton (D:11)
  2 iguanas
  2 worker ants
  3 orc wizards
  3 sheep (Lair:2)
  A killer bee zombie (D:7)
  A hound zombie (D:7)
  A hound skeleton (D:8)
  A worker ant zombie (D:11)
  20 adders
  6 gnolls
  A howler monkey skeleton (D:4)
  A shadow imp (D:11)
  An ooze (D:1)
  3 dart slugs
  3 giant geckos
  21 orcs
  7 ball pythons
  3 bats
  6 giant cockroaches
  6 goblins
  6 hobgoblins
  15 jackals
  18 kobolds
  A quokka (D:4)
  A giant gecko skeleton (D:8)
  2 giant newts
  2 quokka skeletons (D:4)
  A quokka zombie (D:5)
  7 rats
  A plant (D:8)
253 creatures vanquished.

Vanquished Creatures (collateral kills)
  Gastronok (Lair:1)
  A hydra (Lair:2)
  Urug (D:11)
  A hill giant (D:10)
  2 black mambas
  A spiny frog (Lair:1)
  A centaur skeleton (D:10)
  A komodo dragon (Lair:1)
  A troll (D:10)
  3 blink frogs (Lair:1)
  A hippogriff (Lair:2)
  6 yaks
  An ice beast (IceCv)
  A phantom (D:11)
  A black bear (D:8)
  3 ogres
  2 centaurs (D:9)
  2 wolves (Lair:1)
  A crocodile (Lair:2)
  2 giant frogs
  A scorpion (D:9)
  3 killer bees
  An electric eel (D:8)
  3 wights (D:10)
  A crimson imp (D:10)
  An orc wizard (D:8)
  5 iguanas
  3 sheep (Lair:2)
  A hound skeleton (D:10)
  A gnoll (D:8)
  An adder (D:10)
  An adder skeleton (D:9)
  5 orcs
  A jackal (D:10)
  A bush (Lair:1)
62 creatures vanquished.

Vanquished Creatures (others)
  2 ancestors (D:9)
  8 battlemagi
10 creatures vanquished.

Grand Total: 325 creatures vanquished

Notes
Turn   | Place    | Note
--------------------------------------------------------------
     0 | D:1      | Lasty the Octopode Wanderer began the quest for the Orb.
     0 | D:1      | Lasty set off with: a book of Frost, the Almanac of Air, a +0 hand crossbow, 27 bolts, a bread ration {!e}
     0 | D:1      | Reached XP level 1. HP: 13/13 MP: 2/2
     0 | D:1      | --whoa, amazing
     0 | D:1      | --lol
     0 | D:1      | --this start
     0 | D:1      | Identified the Almanac of Air
     2 | D:1      | Learned a level 1 spell: Freeze
   150 | D:1      | Reached skill level 2 in Ice Magic
   150 | D:1      | Reached XP level 2. HP: 16/18 MP: 3/3
   300 | D:1      | Reached XP level 3. HP: 23/23 MP: 4/4
   489 | D:1      | Reached skill level 3 in Ice Magic
   741 | D:1      | Learned a level 3 spell: Ozocubu's Armour
   799 | D:1      | --hahahaha
   799 | D:1      | --come at me, grinder
  1144 | D:2      | Found a shadowy altar of Dithmenos.
  1155 | D:2      | Found an oddly glowing altar of Pakellas.
  2078 | D:3      | Reached XP level 4. HP: 28/28 MP: 5/5
  2165 | D:3      | Reached skill level 4 in Ice Magic
  2279 | D:3      | Reached XP level 5. HP: 33/33 MP: 1/6
  2492 | D:3      | Reached skill level 5 in Ice Magic
  3029 | D:4      | Found an opulent altar of Gozag.
  3331 | D:4      | Reached XP level 6. HP: 38/38 MP: 6/8
  3401 | D:4      | Noticed Menkaure
  3407 | D:4      | Killed Menkaure
  3407 | D:4      | Reached skill level 2 in Spellcasting
  3407 | D:4      | Reached skill level 6 in Ice Magic
  3441 | D:4      | Reached XP level 7. HP: 43/43 MP: 10/10
  4302 | D:4      | --good lord, everything is just coming up milhouse
  4302 | D:4      | --don't get cocky kid
  4303 | D:5      | Entered Level 5 of the Dungeon
  4307 | D:5      | Found Cuuhuat's Weapon Emporium.
  4515 | D:5      | Found Arephox's General Store.
  4523 | D:5      | Found Omumeg's Antique Weapon Shop.
  4535 | D:5      | Found a white marble altar of Elyvilon.
  4538 | D:5      | Found a basalt altar of Yredelemnul.
  4629 | D:5      | Found a shattered altar of Ashenzari.
  4792 | D:5      | Found a snail-covered altar of Cheibriados.
  5022 | D:5      | Noticed Edmund
  5032 | D:5      | Killed Edmund
  5032 | D:5      | Reached skill level 3 in Spellcasting
  5032 | D:5      | Reached skill level 7 in Ice Magic
  5065 | D:5      | Learned a level 4 spell: Summon Ice Beast
  5068 | D:5      | Learned a level 2 spell: Throw Frost
  5071 | D:5      | Learned a level 2 spell: Repel Missiles
  5514 | D:5      | --ooo
  5683 | D:5      | Bought a runed hand crossbow for 98 gold pieces
  5683 | D:5      | Bought a spear for 84 gold pieces
  5683 | D:5      | --ah fuck
  5683 | D:5      | --what
  5683 | D:5      | --no
  5686 | D:5      | --great
  5696 | D:5      | Bought 28 bolts for 56 gold pieces
  5704 | D:6      | Found Sabboiw's Armour Boutique.
  5722 | D:6      | --ah fuck, fencer's gloves!
  5784 | D:6      | Found a sacrificial altar of Ru.
  6146 | D:6      | Reached XP level 8. HP: 39/48 MP: 8/13
  6269 | D:6      | Found a shimmering altar of Xom.
  6422 | D:6      | Reached skill level 8 in Ice Magic
  6569 | D:6      | Found a radiant altar of Vehumet.
  7018 | D:7      | Reached skill level 4 in Spellcasting
  7056 | D:7      | Reached skill level 1 in Dodging
  7058 | D:7      | Found a blossoming altar of Fedhas.
  7143 | D:7      | Found an iron altar of Okawaru.
  7180 | D:7      | Found a deep blue altar of Sif Muna.
  7291 | D:7      | Reached skill level 2 in Dodging
  7629 | D:7      | Found Emynnuli's Book Shop.
  7685 | D:7      | Found a staircase to the Ecumenical Temple.
  7694 | Temple   | Entered the Ecumenical Temple
  7764 | Temple   | Became a worshipper of Hepliaklqana
  7812 | D:7      | Reached skill level 3 in Dodging
  7851 | D:7      | Reached skill level 5 in Spellcasting
  8106 | D:8      | HP: 8/48 [orc warrior/halberd (15)]
  8108 | D:8      | HP: 2/48 [orc/mace (3)]
  8110 | D:8      | Reached skill level 4 in Dodging
  8207 | D:8      | Found Zin's Purification Station.
  8207 | D:8      | Found a glowing silver altar of Zin.
  8262 | D:8      | Found Ithracab's Antique Armour Boutique.
  8287 | D:8      | Reached XP level 9. HP: 29/53 MP: 13/17
  8569 | D:8      | Reached * piety under Hepliaklqana
  8620 | D:8      | Reached skill level 5 in Dodging
  8620 | D:8      | Reached skill level 6 in Spellcasting
  8889 | D:8      | Noticed Maurice
  8979 | D:8      | Killed Maurice
  8979 | D:8      | Reached skill level 6 in Dodging
  9120 | D:8      | Reached skill level 7 in Spellcasting
  9140 | D:8      | HP: 15/53 [poisoned by a killer bee]
  9148 | D:8      | HP: 15/53 [poisoned by a killer bee]
  9156 | D:8      | HP: 14/53 [poisoned by a killer bee]
  9600 | D:8      | Reached skill level 7 in Dodging
  9611 | D:8      | Reached XP level 10. HP: 35/58 MP: 21/21
 10081 | D:9      | Reached skill level 8 in Spellcasting
 10262 | D:9      | Reached skill level 1 in Conjurations
 10262 | D:9      | Reached skill level 1 in Charms
 10262 | D:9      | Reached skill level 1 in Summonings
 10270 | D:9      | HP: 18/60 [yak (4)]
 10277 | D:9      | Reached skill level 2 in Fighting
 10500 | D:9      | Reached ** piety under Hepliaklqana
 10686 | D:9      | Reached skill level 2 in Summonings
 10944 | D:9      | Found a shimmering altar of Xom.
 11062 | D:9      | Reached skill level 2 in Conjurations
 11149 | D:10     | Entered Level 10 of the Dungeon
 11173 | D:9      | Reached skill level 2 in Charms
 11181 | D:9      | Reached skill level 8 in Dodging
 11227 | D:9      | Remembered your ancestor Existential doubt as a battlemage
 11434 | D:10     | Reached skill level 3 in Fighting
 11498 | D:10     | Gained mutation: You are partially covered in thin metallic scales. (AC +2) [potion of mutation]
 11498 | D:10     | Gained mutation: You are weak. (Str -2) [potion of mutation]
 11498 | D:10     | Gained mutation: You are partially covered in iridescent scales. (AC +4) [potion of mutation]
 11499 | D:10     | --deal
 11499 | D:10     | Gained mutation: One of your tentacles bears a spike. [potion of beneficial mutation]
 11500 | D:10     | --soooold
 11567 | D:10     | --ah crap
 11599 | D:10     | Reached skill level 3 in Summonings
 11772 | D:10     | Found a staircase to the Orcish Mines.
 11783 | D:10     | Reached skill level 3 in Conjurations
 11814 | D:10     | Reached skill level 3 in Charms
 11934 | D:10     | Noticed a gargoyle
 11944 | D:10     | Killed a gargoyle
 11944 | D:10     | Reached XP level 11. HP: 35/66 MP: 23/23
 12657 | D:5      | Bought a +3 whip of electrocution for 255 gold pieces
 12778 | D:10     | Noticed a hill giant
 12787 | D:10     | Killed a hill giant
 12787 | D:10     | Reached skill level 4 in Conjurations
 12787 | D:10     | Reached skill level 4 in Summonings
 12900 | D:11     | Found a staircase to the Lair.
 12916 | D:11     | Reached skill level 4 in Charms
 12930 | D:11     | Noticed a cyclops
 13189 | D:11     | Noticed Urug
 13202 | D:11     | Killed Urug
 13202 | D:11     | Reached skill level 4 in Fighting
 13202 | D:11     | Reached skill level 1 in Shields
 13326 | D:11     | Killed a cyclops
 13416 | D:11     | Noticed a purple ugly thing
 13435 | D:11     | Killed a purple ugly thing
 13511 | D:11     | Noticed a hill giant
 13536 | D:11     | Killed a hill giant
 13730 | D:11     | Noticed a hill giant
 13747 | D:11     | Killed a hill giant
 13747 | D:11     | Reached skill level 2 in Shields
 13881 | D:11     | Reached *** piety under Hepliaklqana
 14022 | Lair:1   | Entered Level 1 of the Lair of Beasts
 14033 | Lair:1   | Noticed mathmaestro's ghost (novice MiGl)
 14062 | Lair:1   | Killed mathmaestro's ghost
 14062 | Lair:1   | Reached skill level 9 in Dodging
 14212 | Lair:1   | Gained mutation: You are somewhat resistant to further mutation. [potion of beneficial mutation]
 14213 | Lair:1   | --cool
 14279 | Lair:1   | Learned a level 3 spell: Confuse
 14282 | Lair:1   | Learned a level 2 spell: Swiftness
 14287 | Lair:1   | Learned a level 4 spell: Throw Icicle
 14293 | Lair:1   | Learned a level 5 spell: Metabolic Englaciation
 14431 | Lair:1   | Reached skill level 5 in Conjurations
 14443 | Lair:1   | HP: 20/69 [poisoned by a spiny frog]
 14448 | Lair:1   | HP: 19/69 [poisoned by a spiny frog]
 14453 | Lair:1   | HP: 18/69 [poisoned by a spiny frog]
 14461 | Lair:1   | HP: 18/69 [poisoned by a spiny frog]
 14793 | Lair:1   | Reached skill level 3 in Shields
 14793 | Lair:1   | Reached skill level 5 in Summonings
 14804 | Lair:1   | Reached skill level 5 in Charms
 14804 | Lair:1   | Reached skill level 5 in Fighting
 14969 | Lair:1   | Noticed Gastronok
 15083 | Lair:1   | Killed Gastronok
 15083 | Lair:1   | Reached skill level 4 in Shields
 15083 | Lair:1   | Reached XP level 12. HP: 64/77 MP: 13/24
 15589 | Lair:2   | Reached skill level 6 in Fighting
 15717 | Lair:2   | Reached skill level 1 in Maces & Flails
 15867 | Lair:2   | Found a frozen archway.
 15876 | IceCv    | Entered an ice cave
 15877 | IceCv    | --srsly?
 15877 | IceCv    | --this one sucks
 15896 | IceCv    | Reached skill level 10 in Dodging
 15948 | IceCv    | Reached **** piety under Hepliaklqana
 15960 | IceCv    | Got a flickering tin ring
 15980 | Lair:2   | Identified the ring of Sudgh {+Fly rC+ MP+9 Int+5 Stlth+} (You found it in an ice cave)
 15981 | Lair:2   | --that's a really fucking good ring
 16201 | Lair:2   | Reached skill level 2 in Maces & Flails
 16320 | Lair:2   | Noticed a seven-headed hydra
 16330 | Lair:2   | Killed a seven-headed hydra
 16684 | Lair:2   | HP: 21/79 [komodo dragon (17)]
 16685 | Lair:2   | Mangled by a komodo dragon

Vault maps used:
D:1:      minmay_arrival_three_doors, minmay_surrounded
D:2:      lemuel_doored_altar, nicolae_overflow_hidden_temple, first_bread
D:3:      serial_forest, infiniplex_forest_side_room,
          infiniplex_forest_clump_medium, infiniplex_forest_lined_1,
          infiniplex_forest_end_2, infiniplex_forest_zigzag_1,
          saegor_snake_ambush
D:4:      wad_crossroads, nicolae_gozag_cash_rules_everything_around_me,
          uniq_menkaure
D:5:      marbit_many_paths, grunt_temple_overflow_open, serial_shops,
          nicolae_shop_stone, shop, shop, uniq_edmund
D:6:      black_bear_nest_2, vehumet_crystals, hangedman_ru_absence,
          serial_shops, shop_statue, lemuel_tele_altar
D:7:      lemuel_round_altar, old_standard_altar, kennysheep_mini_moat,
          serial_shops, shop
D:8:      zin_purify, special_room, serial_shops, nicolae_shop_waterfront,
          serial_bayou, serial_bayou_lagoon_a, serial_bayou_pond_a,
          serial_bayou_pond_e, serial_bayou_pond_b, serial_bayou_pond_c,
          serial_bayou_pond_d, uniq_maurice
D:9:      kennysheep_mini
D:10:     boulder_indie, grunt_pizzeria
D:11:     lair_0_dummy, uniq_urug
Temple:   circular_temple_pool_8
Lair:1:   beast_lair_carwin_4, uniq_gastronok
Lair:2:   portal_ice_cave_entry_pillars_2, serial_bayou_shore_a,
          grunt_megastairs_5, lemuel_fruit_fields
IceCv:    ice_cave_statue_garden_teleport

Action                   |  1- 3 |  4- 6 |  7- 9 | 10-12 || total
-------------------------+-------+-------+-------+-------++-------
Melee: Dire flail        |       |       |    61 |   129 ||   190
       Constrict         |       |       |    14 |    51 ||    65
       Spear             |       |       |     2 |       ||     2
       Tentacles         |       |       |    14 |    51 ||    65
       Kick              |       |       |       |    53 ||    53
       Whip              |       |       |       |   176 ||   176
 Fire: Hand crossbow     |    55 |    39 |   118 |   136 ||   348
 Cast: Freeze            |    27 |    42 |    90 |    37 ||   196
       Ozocubu's Armour  |       |       |     7 |    15 ||    22
       Repel Missiles    |       |       |     1 |     1 ||     2
       Summon Ice Beast  |       |       |       |    24 ||    24
       Confuse           |       |       |       |     4 ||     4
       Throw Frost       |       |       |       |     1 ||     1
       Throw Icicle      |       |       |       |     1 ||     1
Invok: Ancestor Life: Ba |       |       |       |     1 ||     1
       Recall Ancestor   |       |       |       |     1 ||     1
Evoke: Wand              |       |       |     3 |       ||     3
  Use: Scroll            |       |     9 |     8 |    15 ||    32
       Potion            |       |       |     3 |     8 ||    11
 Stab: Invisible         |       |       |     2 |     2 ||     4
       Distracted        |       |       |     1 |     3 ||     4
       Sleeping          |       |       |       |     3 ||     3
  Eat: Chunk             |     5 |     5 |    10 |    12 ||    32
       Meat ration       |       |       |     2 |     2 ||     4
       Beef jerky        |       |       |       |     1 ||     1
Armor: Skin              |     3 |     3 |    54 |   141 ||   201
Dodge: Dodged            |    21 |    30 |   132 |   340 ||   523
       Deflected         |       |       |     4 |     1 ||     5
Block: Buckler           |       |       |       |    39 ||    39

Skill      XL: |  1  2  3  4  5  6  7  8  9 10 11 12 |
---------------+-------------------------------------+-----
Ice Magic      | 2 3 4 5 6 7 8 |  8.3
Spellcasting   | 2 3 5 7 8 |  8.0
Dodging        | 4 7 8 9 10 | 10.2
Conjurations   | 3 5 |  5.0
Charms         | 3 5 |  5.0
Summonings     | 3 5 |  5.0
Fighting       | 3 5 6 |  6.8
Shields        | 4 |  4.2
Maces & Flails | 2 |  2.9
Crossbows      | |  4.0
Throwing       | |  1.0
Necromancy     | |  1.0
Evocations     | |  1.1
